 Dungeon Crawl Stone Soup version 0.30-a0-223-gcb0039aa0c (webtiles) character file.

Game seed: 12035680469892694477

180 qw the Shield-Bearer (level 5, 0/32 HPs)
             Began as a Gargoyle Fighter on Oct 9, 2022.
             Slain by an orc
             ... wielding a +0 trident
              (3 damage)
             ... on level 3 of the Dungeon.
             The game lasted 00:00:58 (1986 turns).

qw the Shield-Bearer (Gargoyle Fighter)             Turns: 1986, Time: 00:00:59

Health: 0/32       AC: 16    Str: 21    XL:     5   Next: 60%
Magic:  5/5        EV:  8    Int:  9    God:
Gold:   81         SH: 10    Dex:  9    Spells: 4/4 levels left

rFire   . . .      SeeInvis .    Y - +0 war axe
rCold   . . .      Faith    .    k - +2 kite shield
rNeg    + . .      Spirit   .    i - +2 scale mail {rPois}
rPois   inf        Reflect  .    g - +2 helmet
rElec   +          Harm     .    (no cloak)
rCorr   .          Rampage  .    (no gloves)
Will    .....                    (no boots)
Stlth   ..........               (no amulet)
HPRegen 0.25/turn                (no ring)
MPRegen 0.09/turn                (no ring)

@: no status effects
A: sickness immunity, AC +4, negative energy resistance 1, electricity
resistance, torment resistance 1, petrification resistance
a: no special abilities


You were on level 3 of the Dungeon.
You visited 1 branch of the dungeon, and saw 3 of its levels.

You collected 81 gold pieces.


Innate Abilities, Weirdness & Mutations

You are immune to sickness and miasma.
Your stone body is resilient. (AC +4)
You are immune to poison.
You resist negative energy. (rN+)
You are resistant to electric shocks. (rElec)
You are resistant to unholy torment.
You are immune to petrification.


   Skills:
 - Level 3.2 Fighting
 + Level 4.0 Axes
 - Level 3.2 Armour
 - Level 5.1 Shields


You had 4 spell levels left.
You didn't know any spells.
Your spell library was empty.

Inventory:

Hand Weapons
 l - the +10 mace of the Hairy God {drain, rPois Int+8 Dex-3}
   (You found it on level 2 of the Dungeon)

   A truly terrible weapon, it drains the life of any living foe it strikes.
   Int:       It affects your intelligence (+8).
   Dex:       It affects your dexterity (-3).
   rPois:     It protects you from poison.
 Y - a +0 war axe (weapon)
Armour
 g - a +2 helmet (worn)
 i - a +2 scale mail of poison resistance (worn)
 k - a +2 kite shield (worn)
Scrolls
 a - a scroll of teleportation {unknown}
 c - 2 scrolls of poison {unknown}
 e - 2 scrolls of identify {unknown}
Potions
 b - a potion of ambrosia {unknown}
 d - a potion of might
 f - a potion of haste
 h - a potion of mutation {unknown}
 j - a potion of curing {unknown}
 m - a potion of heal wounds {unknown}

Dungeon Overview and Level Annotations

Branches:
Dungeon (3/15)

Altars:


Message History

Pain shoots through your body!
Things that are here:
a +0 short sword; a hobgoblin corpse You slash the orc priest!
The orc priest is almost dead.
The orc priest barely misses you.
An orc wizard comes into view. It is wielding a +0 dagger.
The orc throws a boomerang.
You block the boomerang.
You barely miss the orc priest.
The orc priest is almost dead.
An orc comes into view. It is wielding a +0 trident.
The orc priest mumbles some strange prayers to Beogh against you.
Beogh smites you!
You barely miss the orc priest.
The orc priest is almost dead.
The orc shouts!
You block the orc priest's attack. x2
You closely miss the orc priest.
The orc priest is almost dead.
You hit the orc but do no damage.
The orc priest calls down the wrath of Beogh upon you.
Beogh smites you! The orc hits you with a +0 whip.
You slash the orc priest!
You kill the orc priest!
You hit the orc.
Your Shields skill increases to level 5!
You closely miss the orc wizard.
The orc wizard hits you but does no damage.
You hit the orc wizard but do no damage.
You block the orc's attack. The orc wizard casts a spell at you.
The puff of flame hits you but does no damage.
You block the orc wizard's attack. The orc hits you but does no damage.
The orc barely misses you.
You hit the orc but do no damage.
The orc is severely wounded.
You barely miss the orc wizard. You block the orc wizard's attack.
You block the orc's attack.
The orc hits you from afar with a +0 trident.
You die...

##...%..#..........
...#####....#...#####..
.. .........#.####.#
...#####...####...
##..........>.#
#....###....#.# .
##...# .####.#
....##.##### #
..........@o#
.....######o....# ....
#o.#.# ... .## ## . ..
.. ...


You could see an orc wizard and 2 orcs.

Vanquished Creatures
  An orc priest (D:3)
  Terence (D:2)
  An iguana (D:3)
  A gnoll (D:1)
  3 adders
  A worm (D:2)
  2 orcs (D:3)
  10 ball pythons
  5 bats
  3 endoplasms
  2 giant cockroaches
  5 goblins
  9 hobgoblins
  10 kobolds
  A quokka (D:1)
  2 frilled lizards (D:2)
  3 rats
60 creatures vanquished.

Notes
Turn   | Place    | Note
-------+----------+-------------------------------------------
     0 | D:1      | qw the Gargoyle Fighter began the quest for the Orb.
     0 | D:1      | Reached XP level 1. HP: 14/14 MP: 1/1
     0 | D:1      | 0 ||| qw: Version: 0.2-a-17-g06abaee
     0 | D:1      | 0 ||| qw: Game counter: 2095
     0 | D:1      | 0 ||| qw: Always use a shield: true
     0 | D:1      | 0 ||| qw: God list: Okawaru
     0 | D:1      | 0 ||| qw: Allow faded altars: false
     0 | D:1      | 0 ||| qw: Do Orc after D:15 true
     0 | D:1      | 0 ||| qw: Do second Lair branch before Depths: true
     0 | D:1      | 0 ||| qw: Lair rune preference: random
     0 | D:1      | 0 ||| qw: Plans: Normal, Zot:1-4, God:TSO, Crypt, Tomb,
                  | Pan, Slime:5, Hells, Abyss, Orb
     0 | D:1      | 0 ||| PLANNING D:1-11
    41 | D:1      | 41 ||| Stepping ~*~*~tactically~*~*~ (stealth).
    57 | D:1      | Found a faded altar of an unknown god.
   128 | D:1      | 128 ||| Stepping ~*~*~tactically~*~*~ (stealth).
   129 | D:1      | 129 ||| Stepping ~*~*~tactically~*~*~ (stealth).
   136 | D:1      | Reached XP level 2. HP: 14/19 MP: 2/2
   157 | D:1      | 157 ||| Stepping ~*~*~tactically~*~*~ (stealth).
   162 | D:1      | 162 ||| Stepping ~*~*~tactically~*~*~ (stealth).
   164 | D:1      | 164 ||| Stepping ~*~*~tactically~*~*~ (stealth).
   167 | D:1      | 167 ||| Stepping ~*~*~tactically~*~*~ (stealth).
   279 | D:1      | 279 ||| DROPPING +1 hand axe of venom.
   467 | D:1      | Reached skill level 3 in Axes
   467 | D:1      | Reached XP level 3. HP: 23/23 MP: 3/3
   567 | D:1      | 567 ||| Stepping ~*~*~tactically~*~*~ (stealth).
   799 | D:1      | 799 ||| UPGRADING to +2 scale mail of poison resistance.
   809 | D:1      | 809 ||| DROPPING +0 scale mail.
   810 | D:1      | 810 ||| UPGRADING to +2 kite shield.
   820 | D:1      | 820 ||| DROPPING +0 buckler.
   821 | D:1      | 821 ||| READING scroll labelled TATTO ECZELASH.
   822 | D:1      | 822 ||| READING scroll labelled MOYMUC GOSIUX.
   823 | D:1      | 823 ||| DRINKING 2 amethyst potions.
   878 | D:2      | 878 ||| STAIRDANCE
   897 | D:2      | 897 ||| DROPPING +0 club.
   949 | D:2      | Noticed Terence
   950 | D:2      | 950 ||| FLEEEEING.
   951 | D:2      | 951 ||| FLEEEEING.
   962 | D:2      | 962 ||| FLEEEEING.
   963 | D:2      | 963 ||| FLEEEEING.
   981 | D:2      | Killed Terence
   982 | D:2      | Reached skill level 4 in Shields
   982 | D:2      | Reached XP level 4. HP: 16/28 MP: 4/4
  1034 | D:2      | 1034 ||| DROPPING +0 whip.
  1205 | D:2      | 1205 ||| Stepping ~*~*~tactically~*~*~ (stealth).
  1359 | D:2      | Identified the +10 mace of the Hairy God {drain, rPois
                  | Int+8 Dex-3}
  1361 | D:2      | 1361 ||| DROPPING +0 flail.
  1395 | D:2      | 1395 ||| DROPPING +0 whip of electrocution.
  1622 | D:2      | 1622 ||| UPGRADING to +1 helmet.
  1627 | D:2      | 1627 ||| READING scroll of enchant armour.
  1627 | D:2      | 1627 ||| ENCHANTING +1 helmet.
  1628 | D:2      | 1628 ||| READING scroll labelled LAMMOJ UFASCH.
  1629 | D:2      | 1629 ||| DRINKING 2 ruby potions.
  1733 | D:2      | 1733 ||| DROPPING potion of berserk rage.
  1760 | D:3      | 1760 ||| STAIRDANCE
  1777 | D:3      | 1777 ||| STAIRDANCE
  1854 | D:3      | Reached XP level 5. HP: 32/32 MP: 5/5
  1880 | D:3      | 1880 ||| Stepping ~*~*~tactically~*~*~ (stealth).
  1891 | D:3      | 1891 ||| Stepping ~*~*~tactically~*~*~ (stealth).
  1972 | D:3      | 1972 ||| Stepping ~*~*~tactically~*~*~ (hiding).
  1982 | D:3      | HP: 4/32 [orc priest/divine providence (14)]
  1984 | D:3      | Reached skill level 5 in Shields
  1986 | D:3      | Slain by an orc

Levels and vault maps discovered:
D:1:      dpeg_arrival_simpleton_c, layout_loops_ring,
          chequers_ecumenical_altar_twisty
D:2:      minmay_angry_zag, layout_basic, uniq_terence
D:3:      layout_rooms, fedhas_altar_4, serial_shops, shop, saegor_snake_ambush

Skill      XL: |  1  2  3  4  5 |
---------------+----------------+-----
Axes           | 2 3 4 |  4.0
Shields        | 4 5 |  5.1
Fighting       | |  3.2
Armour         | |  3.2

Action                   |  1- 3 |  4- 6 || total
-------------------------+-------+-------++-------
Melee: War axe           |    93 |   110 ||   203
  Use: Scroll            |     2 |     2 ||     4
       Potion            |     1 |     1 ||     2
Armor: Scale mail        |    50 |    38 ||    88
Dodge: Dodged            |    43 |    35 ||    78
Block: Buckler           |     7 |       ||     7
       Kite shield       |    12 |    70 ||    82

Table legend:
 A = Non-vault XP
 B = Vault XP
 C = Vault XP percentage of total XP
 D = Non-vault monster count
 E = Vault monster count
 F = Vault count percentage of total count
                 A         B        C        D         E       F
            +---------+---------+-------+---------+---------+-------
      Total |     198 |      60 |  23.3 |      54 |       6 |  10.0
            +---------+---------+-------+---------+---------+-------
        D:1 |      53 |       0 |   0.0 |      24 |       0 |   0.0
        D:2 |      51 |      45 |  46.9 |      18 |       4 |  18.2
        D:3 |      94 |      15 |  13.8 |      12 |       2 |  14.3
            +---------+---------+-------+---------+---------+-------
